 Dungeon Crawl Stone Soup version 0.22-a0-224-g8cf3520 (webtiles) character file.

522 Amnesiac the Prestidigitator (level 7, 14/36 HPs)
             Began as a Spriggan Artificer on Feb 20, 2018.
             Quit the game on level 2 of the Dungeon.
             The game lasted 00:11:21 (3724 turns).

Amnesiac the Prestidigitator (Spriggan Artificer)   Turns: 3724, Time: 00:11:22

Health: 14/36      AC:  2    Str: 13    XL:     7   Next: 1%
Magic:  14/14      EV: 20    Int: 13    God:
Gold:   142        SH:  0    Dex: 16    Spells: 5/6 levels left

rFire    . . .     SeeInvis +   w - +0 hunting sling
rCold    . . .     Gourm    .   (shield restricted)
rNeg     . . .     Faith    .   g - +0 robe
rPois    .         Spirit   .   (helmet restricted)
rElec    .         Reflect  .   (no cloak)
rCorr    .         Harm     .   (gloves unavailable)
MR       +....                  (boots unavailable)
Stlth    +.........             (no amulet)
HPRegen  0.12/turn              o - ring of loudness (curse)
MPRegen  0.14/turn              v - +3 ring of strength

@: very quick
A: very small, unfitting armour, see invisible, herbivore, speed 3, slow
metabolism 2
a: no special abilities


You were on level 2 of the Dungeon.
You were not hungry.

You visited 2 branches of the dungeon, and saw 7 of its levels.
You also visited: Ossuary.

You collected 142 gold pieces.

Inventory:

Hand Weapons
 a - a +0 dagger
 b - a +0 blowgun
 m - a +0 short sword
 w - a +0 hunting sling (weapon)
Missiles
 c - 9 poisoned needles
 h - a throwing net
 l - 34 stones (quivered)
Armour
 g - a +0 robe (worn)
Jewellery
 o - a cursed ring of loudness (left hand)
 v - a +3 ring of strength (right hand)
 z - a +3 ring of intelligence
Wands
 d - a wand of enslavement (11)
 e - a wand of random effects (6)
 G - a wand of paralysis (6)
Scrolls
 j - 3 scrolls of remove curse {!r, unknown}
 p - 3 scrolls of teleportation {!r, unknown}
 t - 2 scrolls of magic mapping {!r, unknown}
 u - 5 scrolls of identify {!r, unknown}
 x - 2 scrolls of blinking {!r, unknown}
 y - a scroll of random uselessness {!r, unknown}
 A - 2 scrolls of immolation {!r, unknown}
 D - 2 scrolls of amnesia {!r, unknown}
 E - a scroll of enchant armour {!r, unknown}
 F - a scroll of fear {!r, unknown}
Potions
 i - 2 potions of magic {!q, unknown}
 k - 2 potions of curing {!q}
 n - 3 potions of haste {!q}
 q - a potion of berserk rage {!q, unknown}
 r - 2 potions of flight {!q, unknown}
 s - a potion of lignification {!q, unknown}
 C - a potion of mutation {!q, unknown}
 H - a potion of heal wounds {!q, unknown}
Comestibles
 f - 4 rations


   Skills:
 + Level 3.1 Fighting
 - Level 1.1 Short Blades
 + Level 5.2 Dodging
 - Level 1.5 Stealth
 * Level 8.3 Evocations


You had 5 spell levels left.
You knew the following spells:

 Your Spells              Type           Power        Failure   Level  Hunger
z - Confusing Touch       Hex            #.....       30%         1    ##.....


Dungeon Overview and Level Annotations

Branches:
Dungeon (6/15)             Temple (1/1) D:5

Altars:
Ashenzari
Cheibriados
Dithmenos
Elyvilon
Fedhas
Kikubaaqudgha
Makhleb
Nemelex Xobeh
Ru
Sif Muna
Trog
Uskayaw
Vehumet
Wu Jian
Xom
Yredelemnul
Zin
The Shining One

Shops:
D:4 }*%%

Annotations:
D:5 Grinder, Sigmund
D:6 Blork the orc, Pikel


Innate Abilities, Weirdness & Mutations

You are very small and have problems with some larger weapons.
You are too small for most types of armour.
You have supernaturally acute eyesight. (SInv)
You are a herbivore.
You cover ground extremely quickly.
You need consume almost no food.


Message History

Press: ? - help, Shift-Dir - straight line, f/p - giant cockroach
Aim: a giant cockroach (heavily wounded, clinging)
You shoot a sling bullet.
The sling bullet hits the giant cockroach but does no damage.
The giant cockroach is heavily wounded.
The giant cockroach bites you but does no damage.
Firing (i - inventory. (/) - cycle)
B - 6 sling bullets (quivered)
Press: ? - help, Shift-Dir - straight line, f/p - giant cockroach
Aim: a giant cockroach (heavily wounded, clinging)
You shoot a sling bullet.
The sling bullet hits the giant cockroach but does no damage.
The giant cockroach is heavily wounded.
The giant cockroach closely misses you.
The giant cockroach completely misses you.
Firing (i - inventory. (/) - cycle)
B - 5 sling bullets (quivered)
Press: ? - help, Shift-Dir - straight line, f/p - giant cockroach
Aim: a giant cockroach (moderately wounded, clinging)
You shoot a sling bullet.
The sling bullet barely misses the giant cockroach.
The sling bullet hits the kobold!
You kill the kobold!
The giant cockroach misses you.
Firing (i - inventory. (/) - cycle)
B - 4 sling bullets (quivered)
Press: ? - help, Shift-Dir - straight line, f/p - giant cockroach
Aim: a giant cockroach (moderately wounded, clinging)
You shoot a sling bullet.
The sling bullet closely misses the giant cockroach.
The giant cockroach misses you. x2
Firing (i - inventory. (/) - cycle)
B - 3 sling bullets (quivered)
Press: ? - help, Shift-Dir - straight line, f/p - giant cockroach
Aim: a giant cockroach (moderately wounded, clinging)
You shoot a sling bullet.
The sling bullet barely misses the giant cockroach.
The giant cockroach misses you.
Firing (i - inventory. (/) - cycle)
B - 2 sling bullets (quivered)
Press: ? - help, Shift-Dir - straight line, f/p - giant cockroach
Aim: a giant cockroach (moderately wounded, clinging)
You shoot a sling bullet.
The sling bullet hits the giant cockroach but does no damage.
The giant cockroach is moderately wounded.
The giant cockroach bites you but does no damage.
The giant cockroach completely misses you.
Firing (i - inventory. (/) - cycle)
B - a sling bullet (quivered)
Press: ? - help, Shift-Dir - straight line, f/p - giant cockroach
Aim: a giant cockroach (moderately wounded, clinging)
You shoot a sling bullet.
The sling bullet closely misses the giant cockroach.
The giant cockroach bites you.
* * * LOW HITPOINT WARNING * * *
Firing (i - inventory. (/) - cycle)
l - 36 stones (quivered)
Press: ? - help, Shift-Dir - straight line, f/p - giant cockroach
Aim: a giant cockroach (moderately wounded, clinging)
You shoot a stone.
The stone barely misses the giant cockroach.
The giant cockroach misses you.
Firing (i - inventory. (/) - cycle)
l - 35 stones (quivered)
Press: ? - help, Shift-Dir - straight line, f/p - giant cockroach
Aim: a giant cockroach (moderately wounded, clinging)
You shoot a stone. The stone hits the giant cockroach.
You kill the giant cockroach!
No target in view!
Quiver which item? (- for none, * to show all) (? for menu, Esc to quit)
Okay, then.
Are you sure you want to abandon this character and quit the game? (Confirm with "yes".)

######## #((....#
#.....#
#####.....#####
#((@(((>..(....
#.###..().##.## #.#
#....(## #.#
#........ #.#
#K.............. #s#
#....###........ #.#
#....# #........ #.#
#....# #.(.....
#.###....####.......


There were no monsters in sight!

Vanquished Creatures
  Menkaure (Ossuary)
  A scorpion (D:5)
  A worker ant (D:5)
  3 mummies (Ossuary)
  4 gnolls (D:4)
  4 adders
  A worm (D:4)
  The ghost of Amnesiac the Charlatan, a weakling SpAr (D:3)
  2 leopard geckos (D:2)
  2 orcs
  6 giant cockroaches
  4 goblins
  2 hobgoblins
  6 kobolds
  5 bats
  2 gnoll zombies (Ossuary)
  2 goblin skeletons (Ossuary)
  4 hobgoblin skeletons (Ossuary)
  4 hobgoblin zombies (Ossuary)
  A kobold skeleton (Ossuary)
  2 orc zombies (Ossuary)
  A rat (D:3)
  2 rat skeletons (Ossuary)
  6 rat zombies (Ossuary)
67 creatures vanquished.

Vanquished Creatures (collateral kills)
  Prince Ribbit (D:5)
  A centaur zombie (D:5)
2 creatures vanquished.

Vanquished Creatures (others)
  A centaur (D:6)
  A gnoll (D:6)
  3 gnoll skeletons (Ossuary)
  2 gnoll zombies (Ossuary)
  2 goblin skeletons (Ossuary)
  A goblin zombie (Ossuary)
  3 hobgoblin skeletons (Ossuary)
  4 hobgoblin zombies (Ossuary)
  3 kobold skeletons (Ossuary)
  A kobold zombie (Ossuary)
  3 orc skeletons (Ossuary)
  2 orc zombies (Ossuary)
  2 rat skeletons (Ossuary)
  A rat zombie (Ossuary)
29 creatures vanquished.

Grand Total: 98 creatures vanquished

Notes
Turn   | Place    | Note
-------+----------+-------------------------------------------
     0 | D:1      | Amnesiac the Spriggan Artificer began the quest for the Orb.
     0 | D:1      | Reached XP level 1. HP: 9/9 MP: 4/4
   345 | D:3      | Found a blossoming altar of Fedhas.
   347 | D:3      | Reached skill level 1 in Fighting
   430 | D:2      | Reached XP level 2. HP: 3/14 MP: 6/6
   791 | D:3      | Reached skill level 5 in Evocations
   854 | D:3      | Reached XP level 3. HP: 18/18 MP: 7/7
   935 | D:3      | Learned a level 1 spell: Confusing Touch
   984 | D:3      | Noticed Amnesiac's ghost (weakling SpAr)
   989 | D:3      | Killed Amnesiac's ghost
  1136 | D:4      | Found a sand-covered staircase.
  1168 | D:4      | Found Nelytumm's General Store.
  1173 | D:4      | Found Yfaptumn's Gadget Emporium.
  1194 | D:4      | Found a sacrificial altar of Ru.
  1203 | D:4      | Found an ornate altar of the Wu Jian Council.
  1323 | D:4      | Found Ejan's Food Shop.
  1407 | D:4      | Found Duocofuq's Food Shoppe.
  1616 | Ossuary  | Entered an ossuary
  1635 | Ossuary  | Reached XP level 4. HP: 20/23 MP: 9/9
  2494 | Ossuary  | Reached skill level 6 in Evocations
  2617 | Ossuary  | Noticed Menkaure
  2630 | Ossuary  | Killed Menkaure
  2630 | Ossuary  | Reached skill level 7 in Evocations
  2630 | Ossuary  | Reached XP level 5. HP: 27/27 MP: 9/11
  3062 | D:4      | Reached XP level 6. HP: 29/32 MP: 12/12
  3111 | D:5      | Entered Level 5 of the Dungeon
  3111 | D:5      | Found a staircase to the Ecumenical Temple.
  3127 | Temple   | Entered the Ecumenical Temple
  3553 | D:5      | Noticed Prince Ribbit
  3556 | D:5      | Noticed Sigmund
  3572 | D:5      | Killed Prince Ribbit
  3572 | D:5      | Reached skill level 5 in Dodging
  3572 | D:5      | Reached skill level 8 in Evocations
  3572 | D:5      | Reached XP level 7. HP: 10/36 MP: 12/14
  3600 | D:5      | Noticed Grinder
  3640 | D:6      | Noticed Pikel
  3645 | D:6      | Noticed Blork the orc
  3724 | D:2      | Quit the game

Vault maps used:
D:1:      matt_arrival_refuge
D:2:      grunt_decor_fettered, kennysheep_generic_room_11
D:3:      fedhas_altar_2
D:4:      overflow_temple_1_default, lemuel_crystal_altar, serial_shops,
          shop_fountains, shop, nicolae_shop_statue_plus, shop, enter_ossuary_2,
          st_stairs_14
D:5:      minmay_temple_entry_overgrown, first_ration, uniq_sigmund,
          uniq_prince_ribbit1, uniq_grinder
D:6:      serial_shops, kennysheep_mini, kennysheep_windowed_goal, uniq_pikel,
          uniq_blork_the_orc
Temple:   nicolae_temple_elliptical
Ossuary:  ossuary_due_pyramid

Skill      XL: |  1  2  3  4  5  6 |
---------------+-------------------+-----
Fighting       | 1 2 3 |  3.1
Evocations     | 5 7 8 |  8.3
Dodging        | 4 5 |  5.2
Short Blades   | |  1.1
Stealth        | |  1.5

Action                   |  1- 3 |  4- 6 |  7- 9 || total
-------------------------+-------+-------+-------++-------
Melee: Short sword       |    11 |       |       ||    11
       Dagger            |    16 |    85 |       ||   101
 Fire: Hunting sling     |    48 |   130 |    25 ||   203
       Blowgun           |    13 |     4 |       ||    17
Throw: Throwing net      |     1 |       |       ||     1
Evoke: Wand              |    15 |    12 |     3 ||    30
  Use: Potion            |       |       |     2 ||     2
 Stab: Sleeping          |     2 |       |       ||     2
       Held in net/web   |     1 |       |       ||     1
       Distracted        |       |     1 |       ||     1
  Eat: Ration            |       |     2 |       ||     2
Armor: Robe              |     7 |     7 |     5 ||    19
Dodge: Dodged            |    70 |    79 |    45 ||   194

Table legend:
 A = Spawn XP
 B = Non-spawn XP
 C = Spawn XP percentage of total XP
 D = Spawn monster count
 E = Non-spawn monster count
 F = Spawn count percentage of total count
 G = Total turns spent on level
                    A         B        C        D         E        F      G
               +---------+---------+-------+---------+---------+-------+---------
         Total |       0 |     746 |   0.0 |       0 |      65 |   0.0 |  3724
               +---------+---------+-------+---------+---------+-------+---------
           D:2 |       0 |      26 |   0.0 |       0 |      14 |   0.0 |   628
           D:3 |       0 |      50 |   0.0 |       0 |      16 |   0.0 |   413
           D:4 |       0 |      76 |   0.0 |       0 |       7 |   0.0 |   884
           D:5 |       0 |     343 |   0.0 |       0 |       4 |   0.0 |   274
        Temple |       0 |      13 |   0.0 |       0 |       1 |   0.0 |   236
       Ossuary |       0 |     238 |   0.0 |       0 |      23 |   0.0 |  1120
               +---------+---------+-------+---------+---------+-------+---------
